 Dungeon Crawl Stone Soup version 0.28.0-47-ge53b351184 (webtiles) character file.

Game seed: 15541572750668398392

6417 101zpm the Thaumaturge (level 11, -2/60 HPs)
             Began as a Djinni Fire Elementalist on May 9, 2022.
             Was a Follower of Hepliaklqana.
             Slain by a hell rat (16 damage)
             ... on level 10 of the Dungeon.
             The game lasted 00:19:54 (15449 turns).

101zpm the Thaumaturge (Djinni Fire Elementalist)  Turns: 15449, Time: 00:19:55

Health: -2/60      AC:  3    Str:  7    XL:     11   Next: 18%
Gold:   591        EV: 12    Int: 27    God:    Hepliaklqana [*.....] SH:  0 Dex: 14

rFire   + + .      SeeInvis +   I - +5 flail
rCold   x . .      Faith    .   (no shield)
rNeg    . . .      Spirit   .   a - +0 robe
rPois   ∞          Reflect  .   (no helmet)
rElec   .          Harm     .   v - +0 cloak
rCorr   .          Rampage  .   (no gloves)
Will    +....                   (boots unavailable)
Stlth   +++.......              G - amulet of the acrobat
HPRegen 0.20/turn               k - +6 ring of intelligence
MPRegen 0.00/turn               w - ring of see invisible

@: flying
A: reduced essence, sickness immunity, fire resistance 2, cold vulnerability 1,
float, innate caster, HP casting, extra vitality 1
a: Renounce Religion, Recall Ancestor, Ancestor Identity


You were on level 10 of the Dungeon.
You worshipped Hepliaklqana.
Hepliaklqana was aware of your devotion.
You visited 1 branch of the dungeon, and saw 10 of its levels.
You also visited: Sewer.

You collected 591 gold pieces.

Inventory:

Hand Weapons
 r - a +2 whip of electrocution
 u - a +3 short sword of venom
 I - a +5 flail (weapon)
Missiles
 s - a curare-tipped dart
 t - 33 poisoned darts
 M - a throwing net
Armour
 a - a +0 robe (worn)
 v - a +0 cloak (worn)
Jewellery
 k - a +6 ring of intelligence (left hand)
 w - a ring of see invisible (right hand)
 G - an amulet of the acrobat (around neck)
 H - a ring of ice
 L - a ring of resist corrosion
 N - a ring of protection from cold
Wands
 y - a wand of paralysis (28)
 D - a wand of flame (62)
 E - a wand of acid (10)
 O - a wand of iceblast (5)
Scrolls
 c - 3 scrolls of summoning {unknown}
 e - 2 scrolls of enchant armour {unknown}
 g - 4 scrolls of identify {unknown}
 h - 4 scrolls of teleportation {unknown}
 j - 3 scrolls of magic mapping {unknown}
 m - 3 scrolls of immolation {unknown}
 x - 2 scrolls of enchant weapon {unknown}
 A - a scroll of brand weapon {unknown}
 C - 2 scrolls of fog {unknown}
 J - 2 scrolls of noise {unknown}
 K - 2 scrolls of amnesia {unknown}
Potions
 b - 3 potions of haste {unknown}
 d - 6 potions of invisibility
 f - 2 potions of flight {unknown}
 i - 4 potions of curing {unknown}
 l - 4 potions of lignification {unknown}
 n - 3 potions of heal wounds {unknown}
 o - a potion of might {unknown}
 p - a potion of resistance {unknown}
 q - a potion of mutation {unknown}
 z - 2 potions of ambrosia {unknown}
 B - a potion of degeneration {unknown}
 F - a potion of berserk rage {unknown}


   Skills:
 + Level 1.0 Fighting
 + Level 2.5 Dodging
 + Level 4.0 Stealth
 + Level 12.3 Spellcasting


You had 7 spell levels left.
You knew the following spells:

 Your Spells              Type           Power      Damage    Failure   Level
a - Foxfire               Conj/Fire      100%       2x1d9     1%          1
b - Scorch                Fire           100%       2d10      1%          2
c - Conjure Flame         Conj/Fire      70%        6-21      1%          3
d - Inner Flame           Hex/Fire       70%        N/A       1%          3
e - Flame Wave            Conj/Fire      70%        2d13      1%          4
f - Shock                 Conj/Air       100%       1d9       1%          1
g - Wereblood             Tmut           70%        N/A       1%          2
h - Ozocubu's Armour      Ice            70%        N/A       1%          3
i - Ice Form              Ice/Tmut       70%        N/A       1%          4
j - Dispel Undead         Necr           70%        3d24      1%          4
Your spell library was empty.

Dungeon Overview and Level Annotations

Branches:
Dungeon (10/15)             Sewer (visited)
 Temple: D:4-7         Lair: D:8-11         Orc: D:9-12

Altars:
Elyvilon
Hepliaklqana
Qazlal
Trog
Xom
Zin


Innate Abilities, Weirdness & Mutations

Your life essence is reduced to manifest your ancestor. (-10% HP)
You are immune to sickness and miasma.
You are immune to poison.
Your flesh is very heat resistant. (rF++)
You are vulnerable to cold. (rC-)
You float through the air rather than walking.
You learn spells naturally, not from books.
Your magical power is your life essence.
You have superior vitality. (+4 MHP)


Message History

Press: ? - help, Dir - move target, f - hell rat
Aim: a hell rat (inner flame, ally target) Attack!
You are too injured to fight recklessly!
Your foxfire dissipates! x3
Something closely misses Tawil.
Your foxfire dissipates!
Something closely misses Tawil.
A quokka comes into view.
A kobold demonologist comes into view. It is wielding a +0 dagger.
Something closely misses Tawil.
Casting: Foxfire (safe; 1% risk of failure)
Confirm with . or Enter, or press ? or * to list all spells.
Aiming: Inner Flame (safe; 1% risk of failure)
Press: ? - help, Dir - move target, f - kobold demonologist
Aim: a kobold demonologist, wielding a +0 dagger and wearing a +0 robe (wandering, hasn't noticed you, chance to affect: 91%)
The kobold demonologist shouts!
The kobold demonologist is filled with an inner flame.
The quokka bites Tawil but does no damage.
Something bites Tawil but does no damage.
Casting: Inner Flame (safe; 1% risk of failure)
Confirm with . or Enter, or press ? or * to list all spells.
Flames lash the quokka.
You kill the quokka!
Casting: Foxfire (safe; 1% risk of failure)
Press: ? - help, Q - select action, (/) - cycle Dir - look around, f - activate You conjure some foxfire!
The hell rat bites you!
* * * LOW HITPOINT WARNING * * *
The foxfire hits the hell rat but does no damage.
The foxfire hits the hell rat!
Flame seeps out of the hell rat.
The hell rat is heavily wounded.
The hell rat is engulfed in blazing flames.
Flame seeps out of the hell rat.
Casting: Foxfire (safe; 1% risk of failure)
Press: ? - help, Q - select action, (/) - cycle Dir - look around, f - activate You conjure some foxfire!
* * * LOW HITPOINT WARNING * * *
The hell rat bites you!
You die...

#.........#...#
#######'###...#.........
#.............#.........
#.............#........
#..<..........#.......
##............#.K...##+#####
#.............#.R...#......#
#........##...#v....#......#
###########...#r@...'......#
#.○°○v....#......######
#.§†#.....#......#.....
#...#.....#......#.....
#...#.....#......'.....
#...#.....#......#.....
#...#.....#......##'###
........[.#.....#............
..........#.....#............


You could see the friendly Tawil the ancestor, a kobold demonologist (inner
flame, ally target) and a hell rat (inner flame, ally target).

Vanquished Creatures
  A boulder beetle (D:10)
  3 two-headed ogres
  An unseen horror (D:10)
  Sigmund (D:3)
  Edmund (D:6)
  3 water moccasins
  An acid dragon (D:10)
  An orc warrior (D:10)
  2 ice beasts
  2 sky beasts
  2 necrophages (D:6)
  An ogre (D:7)
  4 centaurs
  2 phantoms
  4 kobold brigands
  2 bullfrogs (D:8)
  3 scorpions
  A water moccasin zombie (D:5)
  6 wights
  A howler monkey (D:8)
  4 jellies
  3 orc priests (D:10)
  A gnoll shaman (D:9)
  A centaur skeleton (D:6)
  An iguana (D:6)
  Jessica (D:3)
  6 orc wizards
  A hell rat (D:10)
  A killer bee zombie (D:9)
  A hound skeleton (D:5)
  3 howler monkey zombies
  8 gnolls
  8 adders
  8 river rats (Sewer)
  2 shadow imps
  4 worms
  A dart slug (D:2)
  12 orcs
  12 ball pythons
  2 bats
  6 endoplasms
  3 giant cockroaches
  4 hobgoblins
  8 jackals
  6 quokkas
  4 frilled lizards
  6 goblins
  25 kobolds
  29 rats
213 creatures vanquished.

Vanquished Creatures (collateral kills)
  An orc warrior (D:10)
  A howler monkey zombie (D:9)
2 creatures vanquished.

Vanquished Creatures (others)
  An ancestor (D:10)
  1231 foxfires
1232 creatures vanquished.

Grand Total: 1447 creatures vanquished

Notes
Turn   | Place    | Note
-------+----------+-------------------------------------------
     0 | D:1      | 101zpm the Djinni Fire Elementalist began the quest for the
                  | Orb.
     0 | D:1      | Reached XP level 1. HP: 15/15 MP: 0/0
   707 | D:1      | Reached XP level 2. HP: 17/21 MP: 0/0
  1556 | D:2      | Reached XP level 3. HP: 15/25 MP: 0/0
  1556 | D:2      | Learned a level 1 spell: Shock
  1812 | D:2      | Reached skill level 3 in Spellcasting
  3175 | D:2      | Reached XP level 4. HP: 26/31 MP: 0/0
  3910 | D:2      | You are sucked into a shaft and drop 1 floor!
  3917 | D:3      | Noticed Jessica
  3921 | D:3      | Killed Jessica
  3922 | D:3      | Reached XP level 5. HP: 19/35 MP: 0/0
  3922 | D:3      | Learned a level 2 spell: Wereblood
  4089 | D:3      | Found a hazy altar of Hepliaklqana.
  4151 | D:3      | Reached skill level 4 in Spellcasting
  4622 | D:3      | Noticed Sigmund
  4626 | D:3      | Killed Sigmund
  4627 | D:3      | Reached skill level 5 in Spellcasting
  4627 | D:3      | Reached XP level 6. HP: 20/40 MP: 0/0
  5021 | D:3      | Found a faded altar of an unknown god.
  5555 | D:4      | Reached XP level 7. HP: 41/45 MP: 0/0
  5555 | D:4      | Learned a level 3 spell: Ozocubu's Armour
  5627 | D:4      | Found a glowing silver altar of Zin.
  5627 | D:4      | Found a white marble altar of Elyvilon.
  5875 | D:4      | Found a glowing drain.
  5885 | Sewer    | Entered a sewer
  6601 | Sewer    | Reached skill level 6 in Spellcasting
  7320 | Sewer    | Reached XP level 8. HP: 40/50 MP: 0/0
  7882 | D:5      | Entered Level 5 of the Dungeon
  8283 | D:5      | Reached skill level 7 in Spellcasting
  9066 | D:6      | Noticed Edmund
  9071 | D:6      | Killed Edmund
  9262 | D:6      | Reached XP level 9. HP: 51/55 MP: 0/0
  9262 | D:6      | Learned a level 4 spell: Ice Form
  9268 | D:6      | Reached skill level 8 in Spellcasting
  9875 | D:6      | Reached skill level 9 in Spellcasting
 10845 | D:7      | Found a stormy altar of Qazlal.
 10849 | D:7      | Found a shimmering altar of Xom.
 10869 | D:7      | Found a shimmering altar of Xom.
 11754 | D:3      | Became a worshipper of Hepliaklqana the Forgotten
 12186 | D:9      | Noticed a two-headed ogre
 12273 | D:8      | Reached skill level 10 in Spellcasting
 12273 | D:8      | Reached XP level 10. HP: 32/61 MP: 0/0
 12558 | D:8      | Noticed a two-headed ogre
 12562 | D:8      | Killed a two-headed ogre
 12794 | D:8      | Found a bloodstained altar of Trog.
 13368 | D:9      | Killed a two-headed ogre
 13369 | D:9      | Reached skill level 1 in Fighting
 13369 | D:9      | Reached skill level 11 in Spellcasting
 13614 | D:9      | Reached * piety under Hepliaklqana
 13637 | D:9      | Noticed a two-headed ogre
 13642 | D:9      | Killed a two-headed ogre
 14519 | D:10     | Entered Level 10 of the Dungeon
 14709 | D:10     | Reached XP level 11. HP: 18/60 MP: 0/0
 14709 | D:10     | Learned a level 4 spell: Dispel Undead
 14923 | D:10     | Reached skill level 12 in Spellcasting
 15260 | D:10     | Noticed a boulder beetle
 15271 | D:10     | Killed a boulder beetle
 15449 | D:10     | Slain by a hell rat

Illustrated notes

Levels and vault maps discovered:
D:1:      lightli_arrival_statue_moat, layout_basic
D:2:      layout_basic
D:3:      layout_loops_ring, mainiacjoe_overflow_small_starburst,
          shapermc_ecumenical_altar_venn, uniq_jessica, uniq_sigmund
D:4:      layout_rooms, mainiacjoe_overflow_divided_tiny, temple_doors_ab,
          gup_sewer_entry_bubbles
D:5:      layout_basic
D:6:      layout_loops_ring, uniq_edmund
D:7:      layout_basic, xom_redecorated, mainiacjoe_overflow_alcove_1,
          minmay_misc_feat_diagonals
D:8:      cheibrodos_quashed, layout_basic, mainiacjoe_overflow_cross_hatched,
          nicolae_two_hexagons
D:9:      layout_loops_ring, hangedman_decor_riveting
D:10:     layout_gridville, palyth_temple_overflow_mages, dpeg_lair_monsters

Skill      XL: |  1  2  3  4  5  6  7  8  9 10 11 |
---------------+----------------------------------+-----
Spellcasting   | 3 5 6 7 10 11 12 | 12.3
Stealth        | 2 3 4 |  4.0
Fighting       | 1 |  1.0
Dodging        | |  2.5

Action                   |  1- 3 |  4- 6 |  7- 9 | 10-12 || total
-------------------------+-------+-------+-------+-------++-------
 Cast: Foxfire           |   155 |    88 |   399 |   137 ||   779
       Scorch            |     3 |    21 |    39 |    26 ||    89
       Inner Flame       |       |     8 |    31 |    34 ||    73
       Wereblood         |       |     1 |       |       ||     1
       Ozocubu's Armour  |       |       |     1 |       ||     1
Armor: Robe              |       |       |     3 |       ||     3
Dodge: Dodged            |     1 |     5 |    10 |     2 ||    18
